 Dungeon Crawl Stone Soup version 0.27.0-1-g7a089689b8 (webtiles) character file.

Game seed: 4391898385762944937

124 horus123 the Slasher (level 4, 0/34 HPs)
             Began as a Demonspawn Gladiator on Aug 12, 2021.
             Slain by an orc (2 damage)
             ... on level 4 of the Dungeon.
             The game lasted 00:05:24 (3995 turns).

horus123 the Slasher (Demonspawn Gladiator)         Turns: 3995, Time: 00:05:25

Health: 0/34       AC:  4    Str: 14    XL:     4   Next: 81%
Magic:  4/4        EV: 13    Int: 10    God:
Gold:   113        SH:  0    Dex: 15    Spells: 3/3 levels left

rFire    . . .     SeeInvis .   a - +0 long sword
rCold    . . .     Faith    .   (no shield)
rNeg     . . .     Spirit   .   b - +0 leather armour
rPois    .         Reflect  .   c - +0 helmet
rElec    .         Harm     .   (no cloak)
rCorr    .         Rampage  .   (no gloves)
Will     .....                  (no boots)
Stlth    +.........             (no amulet)
HPRegen  0.11/turn              (no ring)
MPRegen  0.18/turn              (no ring)

@: no status effects
A: magic regeneration
a: no special abilities


You were on level 4 of the Dungeon.
You visited 1 branch of the dungeon, and saw 4 of its levels.

You collected 113 gold pieces.

Inventory:

Hand Weapons
 a - a +0 long sword (weapon)
Missiles
 d - 3 throwing nets (quivered)
 p - 7 atropa-tipped darts
Armour
 b - a +0 leather armour (worn)
 c - a +0 helmet (worn)
Jewellery
 l - a +6 ring of dexterity
Wands
 o - a wand of iceblast (3)
Scrolls
 g - 2 scrolls of teleportation
 h - a scroll of amnesia
 j - 3 scrolls of enchant weapon {unknown}
 q - a scroll of immolation {unknown}
Potions
 e - a potion of heal wounds {unknown}
 f - a potion of might
 i - a potion of attraction {unknown}
 k - 2 potions of mutation {unknown}
 m - 2 potions of lignification {unknown}
 n - a potion of curing {unknown}


   Skills:
 + Level 2.3 Fighting
 + Level 3.6 Long Blades
 + Level 1.9 Throwing
 + Level 1.4 Armour
 * Level 3.6 Dodging
 + Level 0.4 Stealth


You had 3 spell levels left.
You didn't know any spells.
Your spell library was empty.

Dungeon Overview and Level Annotations

Branches:
Dungeon (4/15)
 Temple: D:4-7

Altars:
Gozag
Nemelex Xobeh


Innate Abilities, Weirdness & Mutations

You regenerate magic rapidly.


Message History

The orc shouts!
You see here a +0 broad axe.
The orc hits you with a +0 hand axe.
You hit the orc.
The orc is lightly wounded.
The orc closely misses you.
You slash the orc!
You kill the orc!
An orc comes into view. It is wielding a +0 flail.
The orc hits you with a +0 war axe.
You closely miss the orc. The orc barely misses you.
You closely miss the orc. The orc hits you with a +0 war axe.
The orc closely misses you.
You closely miss the orc.
The orc shouts!
You hear a shout!
The orc hits you with a +0 war axe.
* * * LOW HITPOINT WARNING * * *
The orc misses you.
You riposte.
You hit the orc but do no damage. You closely miss the orc.
The orc closely misses you. The orc hits you with a +0 short sword.
* * * LOW HITPOINT WARNING * * *
The orc hits you with a +0 war axe.
* * * LOW HITPOINT WARNING * * *
The orc barely misses you.
You riposte.
You barely miss the orc. The orc closely misses you.
You barely miss the orc. You hit the orc.
The orc is lightly wounded.
The orc misses you.
You hit the orc.
You kill the orc!
The orc completely misses you.
You riposte.
You hit the orc.
The orc is severely wounded.
You slash the orc!
You kill the orc!
An orc comes into view. It is wielding a +1 whip of venom.
You hit the orc but do no damage. The orc completely misses you.
You riposte.
You hit the orc but do no damage. You barely miss the orc.
The orc hits you with a +0 short sword.
You die...

..##.###.#.#
........#.#
##.....#....
####........#
#..>........#
##+##..).o...#
##...##.....#.#
##.....##..o##.###
##.......####@....#
#(........###.....#
+.........'.......#
#.........###...).#
##.......##
#.#....# ##.....##
#.###..# ##...##
#.# ..# ##'## #..
..# #.# ### #


You could see 2 orcs.

Vanquished Creatures
  A centaur zombie (D:4)
  2 adders
  3 worms
  4 dart slugs
  4 orcs (D:4)
  5 bats
  3 endoplasms
  A giant cockroach (D:1)
  3 goblins
  4 hobgoblins
  5 jackals
  3 quokkas
  4 ball pythons
  2 frilled lizards
  5 kobolds
  5 rats
54 creatures vanquished.

Notes
Turn   | Place    | Note
-------+----------+-------------------------------------------
     0 | D:1      | horus123 the Demonspawn Gladiator began the quest for the
                  | Orb.
     0 | D:1      | Reached XP level 1. HP: 16/16 MP: 1/1
   436 | D:1      | Gained mutation: You regenerate magic rapidly. [demonic
                  | ancestry]
   436 | D:1      | Reached XP level 2. HP: 18/22 MP: 2/2
  1583 | D:2      | Reached XP level 3. HP: 26/27 MP: 3/3
  2210 | D:3      | Found an opulent altar of Gozag.
  2241 | D:3      | Found a sparkling altar of Nemelex Xobeh.
  3272 | D:4      | Reached XP level 4. HP: 33/33 MP: 4/4
  3346 | D:4      | Reached skill level 1 in Armour
  3986 | D:4      | HP: 1/34 [orc (6)]
  3995 | D:4      | Slain by an orc

Illustrated notes

Levels and vault maps discovered:
D:1:      kennysheep_arrival_seaside, layout_loops_ring
D:2:      layout_loops_cross, supply_closet_lemuel
D:3:      layout_loops_cross, nemelex_spade_bored_becter, lemuel_crystal_altar
D:4:      layout_loops_corners, gammafunk_temple_overflow_claw,
          nrook_loot_triangle, kennysheep_small_circle

Skill      XL: |  1  2  3  4 |
---------------+-------------+-----
Dodging        | 3 |  3.6
Long Blades    | 3 |  3.6
Armour         | 1 |  1.4
Fighting       | |  2.3
Throwing       | |  1.9
Stealth        | |  0.4

Action                   |  1- 3 |  4- 6 || total
-------------------------+-------+-------++-------
Melee: Long sword        |   141 |    58 ||   199
Throw: Throwing net      |     1 |       ||     1
  Use: Scroll            |     4 |       ||     4
 Stab: Sleeping          |     1 |       ||     1
Armor: Leather armour    |    36 |    16 ||    52
Dodge: Dodged            |    93 |    49 ||   142
       Rpst.: Long sword |    29 |    15 ||    44
